 Dungeon Crawl Stone Soup version 0.19.1-1-g22dce08 (webtiles) character file.

1796122 Schnitzeisen the Conqueror (level 27, 268/268 (273) HPs)
             Began as a Minotaur Berserker on Jan 10, 2017.
             Was the Champion of Trog.
             Escaped with the Orb
             ... and 3 runes on Jan 11, 2017!
             The game lasted 05:49:35 (66353 turns).

Schnitzeisen the Conqueror (Minotaur Berserker)    Turns: 66353, Time: 05:49:36

HP:   268/268 (273) AC: 50    Str: 35    XL:     27
MP:   7/7           EV: 29    Int:  4    God:    Trog [******]
Gold: 7606          SH: 31    Dex: 22    Spells: 0 memorised, 26 levels left

rFire  + + .     SeeInvis +     a - +9 demon blade (antimagic)
rCold  + + +     Gourm    .     q - +10 gold dragon scales
rNeg   . . .     Faith    .     C - +1 large shield {rC+}
rPois  +         Spirit   .     g - +1 hat of Card Tricks {rF+}
rElec  .         Reflect  .     R - +2 cloak {MR+}
rCorr  .         Harm     .     L - +2 pair of gloves of Baafoghe {Str+4 Dex+4}
MR     +++..                    x - +2 pair of boots {Fly}
Stlth  ..........               k - amulet of Gonoc {+Fly Regen+ Str+4 Int+2}
                                l - +4 ring of slaying (curse)
                                J - ring of Morality {rC+++ SInv}

@: no status effects
A: retaliatory headbutt, horns 2, dopey 1, low mp 1
a: Berserk, Trog's Hand, Brothers in Arms, Burn Spellbooks, Renounce Religion,
Evoke Flight
0: Orb of Zot
}: 3/15 runes: barnacled, silver, gossamer


You escaped.
You worshipped Trog.
Trog was exalted by your worship.
You were not hungry.

You visited 9 branches of the dungeon, and saw 49 of its levels.
You also visited: Sewer, Ice Cave, Volcano, Wizlab and Desolation.

You collected 8014 gold pieces.
You spent 408 gold pieces at shops.

Inventory:

Hand Weapons
 a - a +9 antimagic demon blade (weapon)
 b - the +9 scimitar of Immorality {flame, rPois rC+ Str+4 Dex+2 Stlth+}
   (Trog gifted it to you in the Desolation of Salt)

   It has been specially enchanted to burn those struck by it, causing extra
   injury to most foes and up to half again as much damage against particularly
   susceptible opponents.
   Big, fiery blades are also staple armaments of hydra-hunters.
   It affects your strength (+4).
   It affects your dexterity (+2).
   It protects you from cold.
   It protects you from poison.
   It makes you more stealthy.
 y - the +7 quick blade of Daex Mai {antimagic, rElec rC+++ Dex-4 SInv}
   (You took it off a deep elf death mage on level 5 of the Vaults)

   It reduces the magical energy of the wielder, and disrupts the spells and
   magical abilities of those hit.
   Natural abilities and divine invocations are not affected.
   It affects your dexterity (-4).
   It renders you almost immune to cold.
   It insulates you from electricity.
   It lets you see invisible.
Armour
 e - a +2 plate armour of cold resistance
 g - the +1 hat of Card Tricks (worn) {rF+}
   (You found it on level 10 of the Dungeon)

   It protects you from fire.
 q - +10 gold dragon scales (worn)
 x - a +2 pair of boots of flying (worn)
 C - a +1 large shield of cold resistance (worn)
 L - the +2 pair of gloves of Baafoghe (worn) {Str+4 Dex+4}
   (You found it on level 12 of the Dungeon)

   It affects your strength (+4).
   It affects your dexterity (+4).
 R - a +2 cloak of magic resistance (worn)
Jewellery
 k - the amulet of Gonoc (around neck) {+Fly Regen+ Str+4 Int+2}
   (You found it on level 1 of the Elven Halls)

   [amulet of regeneration]

   It affects your strength (+4).
   It affects your intelligence (+2).
   It lets you fly.
   It increases your rate of regeneration.
 l - a cursed +4 ring of slaying (right hand)
 t - the ring of the Seven Places {+Fly rPois rF+++ Dex-2 Stlth+}
   (You found it on level 5 of the Realm of Zot)

   [ring of flight]

   It affects your dexterity (-2).
   It renders you almost immune to fire.
   It protects you from poison.
   It lets you fly.
   It makes you more stealthy.
 u - an uncursed ring of protection from magic
 J - the ring of Morality (left hand) {rC+++ SInv}
   (You found it on level 3 of the Elven Halls)

   [ring of see invisible]

   It renders you almost immune to cold.
   It lets you see invisible.
 M - an uncursed ring of protection from fire
 U - an uncursed ring of magical power
 X - the ring "Huimer" {rCorr rPois Str+6}
   (You took it off an orc warrior on level 11 of the Dungeon)

   [ring of resist corrosion]

   It affects your strength (+6).
   It protects you from poison.
Wands
 v - a wand of digging (8/24)
 w - a wand of hasting (1/9)
 N - a wand of disintegration (12/24)
 S - a wand of teleportation (7/9)
 V - a wand of hasting (6/9)
Scrolls
 h - a scroll of holy word
 i - 12 scrolls of identify
 j - 2 scrolls of summoning
 m - 8 scrolls of recharging
 E - 14 scrolls of teleportation
 F - 22 scrolls of remove curse
 O - a scroll of enchant weapon
 W - 8 scrolls of fog
 Y - 11 scrolls of blinking
 Z - 3 scrolls of fear
Potions
 f - 5 potions of cure mutation
 n - 4 potions of might
 o - 5 potions of heal wounds
 p - 4 potions of invisibility
 s - 22 potions of curing
 A - 9 potions of agility
 D - 6 potions of resistance
 H - a potion of magic
 Q - 3 potions of haste
Books
 B - a book of Geomancy

   Spells                             Type                      Level
   a - Sandblast                      Earth                        1
   b - Passwall                       Transmutation/Earth          2
   c - Stone Arrow                    Conjuration/Earth            3
   d - Petrify                        Transmutation/Earth          4
   e - Lee's Rapid Deconstruction     Earth                        5
   Trog disapproves of the use of such an item.
Miscellaneous
 z - a fan of gales
Comestibles
 c - 31 bread rations
 d - 14 meat rations
 r - 28 fruits
 I - 4 beef jerkies
 K - 4 slices of pizza


   Skills:
 O Level 27 Fighting
 - Level 17.0 Long Blades
 O Level 27 Armour
 O Level 27 Dodging
 O Level 27 Shields
 + Level 5.9 Evocations


You had 26 spell levels left.
You didn't know any spells.

Dungeon Overview and Level Annotations

Branches:
Dungeon (15/15)            Temple (0/1) D:5            Lair (6/6) D:8
 Shoals (4/4) Lair:3       Spider (4/4) Lair:4        Slime (0/5) Lair:6
    Orc (2/2) D:12            Elf (3/3) Orc:2        Vaults (5/5) D:14
  Crypt (0/3) Vaults:2     Depths (5/5) D:15            Zot (5/5) Depths:5

Altars:
Ashenzari
Cheibriados
Dithmenos
Kikubaaqudgha
Okawaru
Qazlal
Sif Muna
Trog
The Shining One
Beogh
Jiyva

Shops:
D:5 *   Orc:2 [}?%   Shoals:4 }   Vaults:3 [   Vaults:5 %!?   Depths:1 }
Depths:4 =}}

Portals:
Hell: Depths:1 Depths:2 Depths:3 Depths:4 Depths:5
Abyss: Depths:1 Depths:4
Pandemonium: Orc:2 Depths:3 Depths:4
Ziggurat: Depths:4
Trove: Depths:4 (give 7 scrolls of blinking)

Annotations:
Lair:3 exclusion: oklob plant
Depths:5 exclusions: draconian caller and 3 more exclusions


Innate Abilities, Weirdness & Mutations

You reflexively headbutt those who attack you in melee.
You have a pair of horns on your head.
You are dopey. (Int -2)
Your magical capacity is low. (-10% MP)


Message History

There is a stone staircase leading up here.
You climb upwards.
There is a stone staircase leading down here.
There is a stone staircase leading up here.
You climb upwards.
There is a stone staircase leading down here.
There is an open door here.
There is a stone staircase leading up here.
You climb upwards.
There is a stone staircase leading down here.
You open the door.
There is an open door here.
You open the door.
There is an open door here.
An Orb Guardian comes into view.
You see here a dagger.
There is an open gate here.
There is a staircase leading out of the dungeon here.
You block the Orb Guardian's attack.
You have escaped!

####...########## #....##...... #
#...# #............ # #...#
###### #.รท..........
####...####....######.##.........
...'...'...)..........##.........
####...####..##'''##..#..........
#...# #..#.....#..#...#......
#...# #..#..X..#..#...#......
#...# #..#).@..#..#...#......
#...# #..#.....#..#..)#......
###...####..#######..#...#......
#.'...'.....#........#...#######
#.#...###.#..######..#...#
#.#...# #.##.######.##...#
#.#.#.# #.##.............#
#.#.#.# #.##..#####.####.#
#.#.#.###.##..###......#.#


You could see an Orb Guardian.

Vanquished Creatures
  A pandemonium lord (Zot:1)
  9 ancient liches
  6 orbs of fire
  A juggernaut (Depths:4)
  Margery (Depths:5)
  3 Killer Klowns
  4 curse toes (Zot:4)
  8 golden dragons
  Nikola (Spider:1)
  Jory (Depths:3)
  A Hellbinder (WizLab)
  A bone dragon (Depths:5)
  3 electric golems
  3 liches
  17 tentacled monstrosities
  Rupert (D:13)
  Asterion (Spider:3)
  23 Orb Guardians
  An Ice Fiend (Zot:1)
  4 titans
  4 quicksilver dragons
  4 deep elf master archers (Elf:3)
  3 deep elf blademasters
  4 acid blobs (Zot:2)
  A kraken (Shoals:3)
  7 death cobs
  4 sphinxes
  The ghost of senny the Tortoise, an adept MiFi of Okawaru (Shoals:3)
  7 tengu reavers
  12 draconian monks
  15 shadow dragons
  Kirke (Spider:4)
  17 storm dragons
  Ilsuiw (Shoals:4)
  13 deep elf sorcerers
  10 fire giants
  4 frost giants
  7 draconian knights
  4 ghost moths
  Louise (Shoals:1)
  7 draconian scorchers
  3 imperial myrmidons (Desolation)
  20 vault wardens
  5 draconian zealots
  2 deep elf elementalists
  5 emperor scorpions
  2 orc warlords
  2 ghouls
  3 iron dragons
  3 draconian shifters
  A war gargoyle (Vaults:5)
  4 draconian annihilators
  16 ironheart preservers
  3 spriggan defenders
  3 draconian callers
  A reaper (WizLab)
  6 very ugly things
  5 caustic shrike skeletons (Depths:2)
  9 green draconians
  11 stone giants
  5 vampire knights
  3 entropy weavers
  6 deep elf demonologists
  4 purple draconians
  Nessos (D:13)
  11 black draconians
  7 deep elf annihilators
  3 halazid warlocks (Desolation)
  8 spark wasps
  18 yellow draconians
  4 mottled draconians
  8 white draconians
  9 ettins
  3 crystal guardians
  Snorg (D:13)
  8 red draconians
  6 merfolk javelineers
  A green death (Depths:3)
  11 fire dragons
  7 ragged hierophants (Desolation)
  A blizzard demon (WizLab)
  Josephine (D:13)
  A quicksilver dragon zombie (D:15)
  14 deep elf death magi
  6 jiangshi
  6 deep elf high priests (Elf:3)
  15 yaktaur captains
  8 merfolk impalers
  11 ice dragons
  7 peacekeepers (Desolation)
  2 great orbs of eyes
  8 servants of whispers (Desolation)
  Erolcha (D:13)
  5 rakshasas
  3 hell beasts (WizLab)
  4 merfolk aquamancers
  4 merfolk avatars
  7 catoblepae
  38 vault guards
  6 death knights
  9 centaur warriors
  2 alligator snapping turtles (Shoals:4)
  6 spriggan air magi
  6 hydras
  8 deep troll shamans
  A satyr (Shoals:3)
  27 death yaks
  3 tengu warriors
  7 deep troll earth magi
  24 dancing weapons
  14 ogre magi
  Urug (Lair:4)
  3 sun demons
  43 spriggans
  7 orc high priests (Orc:2)
  11 spriggan berserkers
  2 soul eaters (WizLab)
  25 deep elf knights
  6 vampire magi
  5 iron trolls
  9 skeletal warriors
  Sonja (D:10)
  9 hell knights
  A golden dragon zombie (Depths:3)
  7 unseen horrors
  A gelid demonspawn (Orc:2)
  A shadow wraith (Vaults:4)
  A torturous demonspawn (Orc:2)
  4 large abominations (Depths:1)
  2 glowing orange brains
  7 spriggan druids (Depths:2)
  12 sea snakes
  A lindwurm (Lair:6)
  A storm dragon skeleton (Depths:3)
  24 deep elf archers
  4 flayed ghosts
  10 wizards
  20 ironbrand convokers
  34 deep trolls
  9 phantasmal warriors
  5 hill giants
  9 necromancers
  An iron dragon zombie (Depths:3)
  27 harpies
  19 orb spiders
  2 wolf spider zombies
  18 orc knights
  A harpy (shapeshifter) (Vaults:5)
  An anaconda skeleton (Volcano)
  5 orc sorcerers
  A stone giant zombie (Depths:1)
  A sphinx zombie (Depths:3)
  3 fire giant zombies (Depths:3)
  2 oklob plants (Zot:2)
  70 deep elf magi
  21 wolf spiders
  14 cyclopes
  8 fauns
  An orb spider (shapeshifter) (Vaults:1)
  A salamander (shapeshifter) (Vaults:4)
  2 tengu skeletons
  26 ugly things
  31 moths of wrath
  A rust devil (Depths:3)
  14 manticores
  4 frost giant zombies (Depths:3)
  14 sirens
  25 elephants
  A sphinx skeleton (Depths:3)
  8 water nymphs
  3 black mambas
  15 vault sentinels
  A centaur zombie (D:10)
  6 guardian serpents (Desolation)
  2 ice statues (IceCv)
  A torpor snail (Spider:3)
  5 gargoyles
  A spiny frog (shapeshifter) (Vaults:3)
  15 spiny frogs
  A molten gargoyle (Desolation)
  2 spriggan zombies (Depths:3)
  A hellion (WizLab)
  3 orange demons (WizLab)
  A yaktaur zombie (D:15)
  80 yaktaurs
  A rime drake (Lair:4)
  14 komodo dragons
  A yaktaur (shapeshifter) (D:15)
  6 demonic crawlers
  10 freezing wraiths
  2 kobold demonologists (D:12)
  A guardian mummy (D:15)
  A hellwing (Orc:2)
  A rime drake (shapeshifter) (Vaults:4)
  2 ice devils
  12 trolls
  3 tengu conjurers
  A golden dragon simulacrum (Depths:3)
  5 red devils
  A polar bear (shapeshifter) (Elf:1)
  35 merfolk
  A meliai (shapeshifter) (Vaults:1)
  36 jumping spiders
  16 polar bears
  A harpy skeleton (Volcano)
  A jumping spider (shapeshifter) (Elf:1)
  11 two-headed ogres
  A raiju (shapeshifter) (Vaults:3)
  A sphinx simulacrum (Depths:3)
  7 wind drakes
  28 hornets
  61 saltlings (Desolation)
  9 blink frogs
  34 slime creatures
  17 hippogriffs
  9 dream sheep
  A fire dragon zombie (D:15)
  A meliai zombie (D:15)
  9 snapping turtles
  A fire giant simulacrum (Depths:1)
  2 shadows
  A centaur simulacrum (D:12)
  An ice dragon skeleton (Depths:1)
  61 redbacks
  10 air elementals
  26 tarantellas
  9 flying skulls
  5 ynoxinuls
  Sigmund (D:3)
  A deep troll skeleton (Depths:1)
  18 water elementals
  5 wyverns
  A basilisk (shapeshifter) (D:15)
  12 wraiths
  68 yaks
  3 yaks (shapeshifter)
  2 steam dragons
  A hog (Spider:4)
  4 basilisks
  7 fire elementals
  3 neqoxecs
  6 chaos spawn
  12 wargs
  A soldier ant (D:11)
  3 mottled dragons
  5 small abominations
  13 water moccasins
  A floating eye (Depths:3)
  10 hell hounds (Depths:3)
  6 porcupines
  An elephant zombie (Lair:4)
  2 sky beasts
  A sky beast (shapeshifter) (Vaults:5)
  A meliai simulacrum (D:14)
  An ice beast (shapeshifter) (Vaults:1)
  A black bear (shapeshifter) (D:12)
  Purgy (Sewer)
  60 orc warriors
  2 ice beasts
  2 phantoms
  2 necrophages
  10 boggarts
  20 wolves
  A centaur (shapeshifter) (Vaults:3)
  47 ogres
  21 centaurs
  7 crocodiles
  Blork the orc (D:5)
  9 big kobolds
  A gnoll sergeant (D:6)
  3 earth elementals
  16 bullfrogs
  A water moccasin skeleton (D:9)
  8 scorpions
  13 killer bees
  19 wights
  2 spectral wolves (Depths:3)
  3 troll skeletons (Volcano)
  5 electric eels
  4 howler monkeys
  A bullfrog zombie (D:12)
  5 crimson imps
  2 quasits
  17 jellies
  41 orc priests
  10 hounds
  2 bullfrog skeletons
  6 centaur skeletons
  24 orc wizards
  2 gnoll shamans (D:6)
  2 iron imps
  11 iguanas
  Terence (D:3)
  13 worker ants
  Natasha (thrice) (D:2 D:3)
  A bullfrog simulacrum (D:12)
  2 crocodile zombies (Lair:4)
  2 hound skeletons
  A worker ant zombie (D:11)
  Robin (D:2)
  6 gnolls (D:6)
  A howler monkey skeleton (D:8)
  3 river rats
  13 adders
  4 shadow imps
  An ooze (D:3)
  3 worms
  5 dart slugs
  2 leopard geckos
  119 orcs
  22 bats
  6 giant cockroaches
  17 goblins
  19 hobgoblins
  13 jackals
  36 kobolds
  5 quokkas
  4 ball pythons
  5 frilled lizards
  A leopard gecko zombie (D:8)
  13 rats
  A bush (Depths:1)
  3 tentacles (Shoals:3)
2787 creatures vanquished.

Vanquished Creatures (collateral kills)
  An orb of fire (Zot:5)
  A Killer Klown (Zot:2)
  2 curse toes
  the Enchantress (Depths:2)
  A tentacled monstrosity (Vaults:5)
  An acid blob (Zot:2)
  2 quicksilver dragons
  Polyphemus (Shoals:4)
  Donald (Shoals:1)
  A storm dragon (Vaults:5)
  2 spriggan defenders (Depths:2)
  2 stone giants
  An entropy weaver (Spider:1)
  A deep elf annihilator (Elf:3)
  A deep elf demonologist (Elf:3)
  4 yellow draconians (Zot:2)
  2 merfolk impalers (Shoals:4)
  A deep elf high priest (Elf:3)
  A death yak (Lair:6)
  A deep troll (Vaults:5)
  A hill giant (D:8)
  13 elephants
  A hippogriff (D:12)
  A redback (Spider:1)
  A tarantella (Spider:1)
  A fire bat (shapeshifter) (Elf:3)
  4 yaks
  A floating eye (Depths:4)
  A wolf (IceCv)
  A crocodile (Lair:6)
  A crimson imp (D:12)
  2 jellies (Zot:2)
  A plant (Lair:5)
57 creatures vanquished.

Vanquished Creatures (others)
  A stone giant (Vaults:5)
  A deep elf demonologist (Elf:3)
  A fire dragon (Depths:5)
  2 merfolk javelineers
  3 satyrs
  A deep elf knight (Elf:2)
  A deep elf mage (Vaults:1)
  An orb spider (Spider:1)
  A cyclops (Shoals:3)
  A manticore (Shoals:2)
  5 fauns
  A two-headed ogre (shapeshifter) (Depths:5)
  5 humans (Spider:4)
  2 ogres (Vaults:5)
  A jelly (Zot:2)
  18 fungi
  33 plants
  15 tentacles
  6 withered plants (D:15)
99 creatures vanquished.

Grand Total: 2943 creatures vanquished

Notes
Turn   | Place    | Note
-------+----------+-------------------------------------------
     0 | D:1      | Schnitzeisen the Minotaur Berserker began the quest for the Orb.
     0 | D:1      | Reached XP level 1. HP: 19/19 MP: 0/0
   209 | D:1      | Reached XP level 2. HP: 23/27 MP: 1/1
   655 | D:2      | Reached XP level 3. HP: 33/33 MP: 2/2
   739 | D:2      | Reached ** piety under Trog
   767 | D:2      | Found a faded altar of an unknown god.
  1015 | D:2      | Noticed Robin
  1026 | D:2      | Killed Robin
  1030 | D:2      | Reached XP level 4. HP: 40/40 MP: 3/3
  1280 | D:2      | Noticed Natasha
  1283 | D:2      | Killed Natasha
  1535 | D:3      | Found a snail-covered altar of Cheibriados.
  1542 | D:3      | Reached skill level 5 in Long Blades
  1554 | D:3      | Reached XP level 5. HP: 46/46 MP: 4/4
  1570 | D:3      | Noticed Natasha
  1576 | D:3      | Killed Natasha
  1590 | D:3      | Noticed Terence
  1594 | D:3      | Killed Terence
  1724 | D:3      | Reached *** piety under Trog
  1842 | D:3      | Noticed Sigmund
  1847 | D:3      | Killed Sigmund
  1847 | D:3      | Reached skill level 5 in Fighting
  1847 | D:3      | Reached XP level 6. HP: 56/56 MP: 5/5
  2241 | D:3      | Noticed Natasha
  2255 | D:3      | Killed Natasha
  2409 | D:4      | Found a deep blue altar of Sif Muna.
  2610 | D:4      | Reached skill level 1 in Shields
  2797 | D:4      | Found a glowing drain.
  2801 | Sewer    | Entered a sewer
  2846 | Sewer    | Noticed BoredOne's ghost (amateur CeHu)
  2892 | Sewer    | Noticed Purgy
  2900 | Sewer    | Killed Purgy
  2900 | Sewer    | Reached XP level 7. HP: 45/61 MP: 6/6
  3295 | D:5      | Entered Level 5 of the Dungeon
  3339 | D:5      | Found a shattered altar of Ashenzari.
  3374 | D:5      | Reached skill level 5 in Armour
  3616 | D:5      | Found a staircase to the Ecumenical Temple.
  3766 | D:5      | Reached **** piety under Trog
  3792 | D:5      | Noticed Blork the orc
  3804 | D:5      | Killed Blork the orc
  3804 | D:5      | Reached skill level 5 in Dodging
  3852 | D:5      | Reached XP level 8. HP: 61/70 MP: 7/7
  3925 | D:5      | Found Vuplel Wuo's General Store.
  3931 | D:5      | Bought a potion of curing for 30 gold pieces
  4361 | D:6      | Received a gift from Trog
  4514 | D:6      | Found a glowing golden altar of the Shining One.
  4871 | D:6      | Reached XP level 9. HP: 78/78 MP: 8/8
  5096 | D:6      | Reached skill level 5 in Shields
  5607 | D:7      | Found a shadowy altar of Dithmenos.
  5610 | D:7      | Found a bloodstained altar of Trog.
  5738 | D:8      | Reached skill level 10 in Long Blades
  6023 | D:8      | Reached ***** piety under Trog
  6101 | D:8      | Found a staircase to the Lair.
  6142 | D:8      | Reached XP level 10. HP: 88/88 MP: 9/9
  6161 | D:8      | Noticed a hill giant
  6166 | D:8      | Killed a hill giant
  6744 | Lair:1   | Entered Level 1 of the Lair of Beasts
  7132 | Lair:1   | Noticed an eight-headed hydra
  7148 | Lair:1   | Killed an eight-headed hydra
  7274 | Lair:1   | Noticed a spiny frog
  7281 | Lair:1   | Killed a spiny frog
  7651 | Lair:2   | Noticed a spiny frog
  7663 | Lair:2   | Noticed a spiny frog
  7671 | Lair:1   | Killed a spiny frog
  7854 | Lair:1   | Reached XP level 11. HP: 73/97 MP: 10/10
  8542 | Lair:2   | Noticed a seven-headed hydra
  8549 | Lair:2   | Killed a seven-headed hydra
  8975 | Lair:3   | Noticed an oklob plant
  9246 | Lair:3   | Reached skill level 10 in Fighting
  9314 | Lair:3   | Received a gift from Trog
  9673 | Lair:3   | Found a staircase to the Shoals.
  9696 | Lair:3   | Reached skill level 10 in Armour
  9723 | Lair:3   | Reached XP level 12. HP: 107/107 MP: 11/11
 10816 | Lair:4   | Reached skill level 10 in Dodging
 10854 | Lair:4   | Found a dark tunnel.
 10854 | Lair:4   | Noticed a five-headed hydra
 10867 | Lair:4   | Killed a five-headed hydra
 10874 | Volcano  | Entered a volcano
 10947 | Volcano  | Reached skill level 10 in Shields
 12028 | Lair:4   | Noticed Urug
 12060 | Lair:4   | Killed Urug
 12210 | Lair:4   | Reached XP level 13. HP: 114/118 MP: 12/12
 13251 | Lair:5   | Found a frozen archway.
 13754 | IceCv    | Entered an ice cave
 14978 | IceCv    | Noticed a frost giant
 14993 | IceCv    | Killed a frost giant
 14997 | IceCv    | Received a gift from Trog
 15711 | Lair:6   | Entered Level 6 of the Lair of Beasts
 15764 | Lair:6   | Found a viscous altar of Jiyva.
 15764 | Lair:6   | Found a staircase to the Slime Pits.
 16164 | Lair:6   | Reached XP level 14. HP: 132/132 MP: 13/13
 17019 | Lair:6   | Reached skill level 15 in Fighting
 17635 | Lair:6   | Got a shimmering sapphire amulet
 17644 | Lair:6   | Identified the amulet "Vysid" {+Rage rF+ Str-5 Dex+4 Slay+2} (You found it on level 6 of the Lair of Beasts)
 17653 | Lair:6   | Got a sparkling jade ring
 17654 | Lair:6   | Identified the ring of Ewidaaf {rN+ Dex+3} (You found it on level 6 of the Lair of Beasts)
 17867 | Lair:5   | Received a gift from Trog
 18205 | D:9      | Found an iron altar of Okawaru.
 19076 | D:10     | Entered Level 10 of the Dungeon
 19117 | D:10     | Noticed Sonja
 19249 | D:10     | Killed Sonja
 19710 | D:10     | Got a twisted hat
 19716 | D:10     | Identified the +1 hat of Card Tricks {rF+} (You found it on level 10 of the Dungeon)
 20453 | D:11     | Received a gift from Trog
 20641 | D:11     | Reached XP level 15. HP: 144/144 MP: 14/14
 20718 | D:11     | Got a clouded marble ring
 20729 | D:11     | Identified the ring "Huimer" {rCorr rPois Str+6} (You took it off an orc warrior on level 11 of the Dungeon)
 21623 | D:12     | Got a pair of smoking gloves
 21630 | D:12     | Identified the +2 pair of gloves of Baafoghe {Str+4 Dex+4} (You found it on level 12 of the Dungeon)
 21878 | D:12     | Found a staircase to the Orcish Mines.
 22495 | Orc:1    | Entered Level 1 of the Orcish Mines
 22504 | Orc:1    | Noticed an orc warlord
 22571 | D:12     | Killed an orc warlord
 22657 | Orc:1    | Found a bloodstained altar of Trog.
 22873 | Orc:1    | Found a roughly hewn altar of Beogh.
 23064 | Orc:2    | Entered Level 2 of the Orcish Mines
 23064 | Orc:2    | Found a roughly hewn altar of Beogh.
 23072 | Orc:2    | Reached ****** piety under Trog
 23361 | Orc:2    | Received a gift from Trog
 23623 | Orc:2    | Found Emizik's Magic Scroll Shop.
 23629 | Orc:2    | Found Wogihus's Food Boutique.
 23839 | Orc:2    | Bought a scroll of identify for 36 gold pieces
 23839 | Orc:2    | Bought a scroll of identify for 36 gold pieces
 23839 | Orc:2    | Bought a scroll of identify for 36 gold pieces
 24164 | Orc:2    | Found Oreq's Gadget Shoppe.
 24164 | Orc:2    | Found a one-way gate leading to the halls of Pandemonium.
 24164 | Orc:2    | Found Osachat's Antique Armour Emporium.
 24231 | Orc:2    | Received a gift from Trog
 24335 | Orc:2    | Bought a scroll of enchant weapon for 135 gold pieces
 24335 | Orc:2    | Bought a scroll of blinking for 135 gold pieces
 24446 | Orc:2    | Found a staircase to the Elven Halls.
 24714 | Shoals:1 | Entered Level 1 of the Shoals
 24720 | Shoals:1 | Noticed Louise
 24738 | Shoals:1 | Killed Louise
 24738 | Shoals:1 | Reached XP level 16. HP: 157/157 MP: 5/15
 24923 | Shoals:1 | Noticed Donald
 24933 | Shoals:1 | Killed Donald
 25392 | Shoals:1 | Received a gift from Trog
 25393 | Shoals:1 | Got a pitted long sword {god gift}
 25394 | Shoals:1 | Identified the +7 long sword of Resourcefulness {speed, *Drain rPois Dex+5} (Trog gifted it to you on level 1 of the Shoals)
 26133 | Shoals:2 | Reached skill level 15 in Armour
 26418 | Shoals:2 | Reached skill level 15 in Shields
 26542 | Shoals:2 | Noticed a kraken
 27354 | Shoals:3 | Noticed a kraken
 27453 | Shoals:3 | Received a gift from Trog
 27733 | Shoals:3 | Noticed senny's ghost (adept MiFi)
 27902 | Shoals:3 | Killed senny's ghost
 27902 | Shoals:3 | Reached skill level 15 in Long Blades
 28024 | Shoals:3 | Killed a kraken
 28280 | Shoals:3 | Reached XP level 17. HP: 168/168 MP: 5/16
 28361 | Shoals:4 | Entered Level 4 of the Shoals
 28623 | Shoals:4 | Noticed Polyphemus
 28649 | Shoals:4 | Killed Polyphemus
 29125 | Shoals:4 | Found Zegirag's Gadget Shoppe.
 29240 | Shoals:4 | Received a gift from Trog
 29320 | Shoals:4 | Got a barnacled rune of Zot
 29343 | Shoals:4 | Noticed Ilsuiw
 29944 | Shoals:4 | Reached skill level 1 in Evocations
 30212 | Shoals:4 | Killed Ilsuiw
 30568 | Shoals:4 | Reached skill level 15 in Dodging
 30832 | Lair:4   | Found a hole to the Spider Nest.
 30854 | Spider:1 | Entered Level 1 of the Spider Nest
 31041 | Spider:1 | Received a gift from Trog
 31089 | Spider:1 | Noticed Nikola
 31103 | Spider:1 | Killed Nikola
 32167 | Spider:2 | Reached XP level 18. HP: 180/180 MP: 6/19
 33309 | Spider:3 | Noticed Asterion
 33317 | Spider:3 | Killed Asterion
 33371 | Spider:3 | Received a gift from Trog
 33729 | Spider:4 | Entered Level 4 of the Spider Nest
 33865 | Spider:4 | Noticed Kirke
 33880 | Spider:4 | Killed Kirke
 34040 | Spider:4 | Got a shimmering chain mail
 34054 | Spider:4 | Identified the cursed +0 chain mail of Reoxym Ribli {-Tele Str+4} (You found it on level 4 of the Spider Nest)
 34724 | Spider:4 | Received a gift from Trog
 34780 | Spider:4 | Got a gossamer rune of Zot
 35136 | Elf:1    | Entered Level 1 of the Elven Halls
 35329 | Elf:1    | Reached skill level 5 in Evocations
 35370 | Elf:1    | Got a pair of shimmering gloves
 35547 | Elf:1    | Found Jufixt's Antique Weapon Emporium.
 35917 | Elf:1    | Got a heavily runed garnet amulet
 35919 | Elf:1    | Identified the amulet of Gonoc {+Fly Regen+ Str+4 Int+2} (You found it on level 1 of the Elven Halls)
 35938 | Elf:1    | Identified the +2 pair of gloves "Ecoewygi" {Str+4} (You found it on level 1 of the Elven Halls)
 36152 | Elf:2    | Found a ruined gateway.
 36168 | Desolati | Entered the Desolation of Salt
 36326 | Desolati | Reached XP level 19. HP: 131/191 MP: 7/21
 36410 | Desolati | Received a gift from Trog
 36411 | Desolati | Got a polished scimitar {god gift}
 36412 | Desolati | Identified the +9 scimitar of Immorality {flame, rPois rC+ Str+4 Dex+2 Stlth+} (Trog gifted it to you in the Desolation of Salt)
 36760 | Desolati | Received a gift from Trog
 36967 | Desolati | Got a bloodstained chain mail
 36979 | Desolati | Identified the +1 chain mail "Optosu" {rPois rF+ rC- MP+9} (You found it in the Desolation of Salt)
 37545 | Elf:2    | Found a huge runed gate.
 37547 | Elf:2    | Found a huge runed gate.
 37550 | Elf:2    | Found a huge runed gate.
 37660 | Elf:2    | Received a gift from Trog
 37817 | Elf:2    | Found a huge runed gate.
 37821 | Elf:2    | Found a huge runed gate.
 38427 | Elf:3    | Entered Level 3 of the Elven Halls
 38619 | Elf:3    | Received a gift from Trog
 39170 | Elf:3    | Reached XP level 20. HP: 77/203 MP: 7/22
 39679 | Elf:3    | Got a bound steel ring
 39686 | Elf:3    | Got a smoking tin ring
 39692 | Elf:3    | Identified the ring "Kerimm" {*Contam +Inv Dex+4 SInv} (You found it on level 3 of the Elven Halls)
 39694 | Elf:3    | Gained mutation: You are frail. (-10% HP) [mutagenic glow]
 39740 | Elf:3    | Lost mutation: You are frail. (-10% HP) [potion of cure mutation]
 39764 | Elf:3    | Identified the ring of Morality {rC+++ SInv} (You found it on level 3 of the Elven Halls)
 39819 | Elf:3    | Received a gift from Trog
 40150 | Elf:3    | Got a heavily runed lapis lazuli ring
 40152 | Elf:3    | Identified the ring "Qidwoimnet" {Str+2 Stlth+} (You found it on level 3 of the Elven Halls)
 40695 | Elf:3    | Got an ancient iron amulet
 40711 | Elf:3    | Got a brightly glowing bronze ring
 40725 | Elf:3    | Identified the amulet "Meggifr Owki" {Inacc rElec} (You found it on level 3 of the Elven Halls)
 40729 | Elf:3    | Identified the cursed ring of Daupomn {rPois rC+++ MR- Dex-5 Stlth+} (You found it on level 3 of the Elven Halls)
 40827 | Elf:3    | Received a gift from Trog
 40850 | Elf:3    | Gained mutation: Your magical capacity is low. (-10% MP) [a neqoxec]
 41012 | D:13     | Noticed Nessos
 41024 | D:13     | Killed Nessos
 41082 | D:13     | Noticed Rupert
 41096 | D:13     | Killed Rupert
 41264 | D:13     | Noticed Josephine
 41280 | D:13     | Killed Josephine
 41362 | D:13     | Noticed Snorg
 41376 | D:13     | Killed Snorg
 41457 | D:13     | Noticed Erolcha
 41463 | D:13     | Killed Erolcha
 41463 | D:13     | Received a gift from Trog
 41834 | D:14     | Found a gate to the Vaults.
 42419 | Vaults:1 | Entered Level 1 of the Vaults
 42927 | Vaults:1 | Reached XP level 21. HP: 188/214 MP: 7/21
 42987 | Vaults:1 | Received a gift from Trog
 43584 | Vaults:1 | Received a gift from Trog
 44338 | Vaults:2 | Received a gift from Trog
 44771 | Vaults:2 | Found a staircase to the Crypt.
 45099 | Vaults:3 | Received a gift from Trog
 45665 | Vaults:3 | Received a gift from Trog
 45900 | Vaults:3 | Found Ceceeve's Armour Shop.
 46215 | Vaults:3 | Reached XP level 22. HP: 226/226 MP: 7/22
 46912 | Vaults:4 | Received a gift from Trog
 47745 | Vaults:4 | Paralysed by an ogre mage for 7 turns
 47892 | D:15     | Entered Level 15 of the Dungeon
 48074 | D:15     | Found a staircase to the Depths.
 48149 | D:15     | Received a gift from Trog
 48998 | Depths:1 | Entered Level 1 of the Depths
 49023 | Depths:1 | Found a one-way gate to the infinite horrors of the Abyss.
 49149 | Depths:1 | Found a gateway to Hell.
 49415 | Depths:1 | Found Opuwygo's Gadget Boutique.
 50026 | Depths:2 | Received a gift from Trog
 50519 | Depths:2 | Reached XP level 23. HP: 236/236 MP: 7/23
 50639 | Depths:2 | Received a gift from Trog
 50818 | Depths:2 | Found a bloodstained altar of Trog.
 51386 | Depths:2 | Lost intelligence.
 51404 | Depths:2 | Noticed the Enchantress
 51426 | Depths:2 | Killed the Enchantress
 51434 | Depths:2 | Got faerie dragon scales
 51449 | Depths:2 | Identified the +1 faerie dragon scales {MR- Int+6} (You took it off the Enchantress on level 2 of the Depths)
 51761 | Depths:3 | Received a gift from Trog
 52195 | Depths:3 | Received a gift from Trog
 52778 | Depths:3 | Paralysed by a floating eye for 2 turns
 52781 | Depths:3 | Reached skill level 27 in Fighting
 52853 | Depths:3 | Found an ancient bone altar of Kikubaaqudgha.
 52870 | Depths:3 | Noticed Jory
 52890 | Depths:3 | Killed Jory
 53265 | Depths:4 | Received a gift from Trog
 53267 | Depths:4 | Paralysed by a floating eye for 4 turns
 53472 | Depths:4 | Found a gateway to a ziggurat.
 53489 | Depths:4 | Noticed a juggernaut
 53510 | Depths:4 | Reached XP level 24. HP: 239/249 MP: 7/23
 53546 | Depths:4 | Killed a juggernaut
 53763 | Depths:4 | Found an iron altar of Okawaru.
 54414 | Depths:4 | Identified Xilexun's Papyrus of Icy Augmentations
 54590 | Depths:4 | Found a portal to a secret trove of treasure.
 54649 | Depths:4 | Found Aduin's Jewellery Boutique.
 54649 | Depths:4 | Found Omozouwu's Gadget Shoppe.
 54652 | Depths:4 | Found Dengonuw's Gadget Shoppe.
 54757 | Depths:5 | Entered Level 5 of the Depths
 54796 | Depths:5 | Noticed Margery
 54877 | Depths:5 | Killed Margery
 54885 | Depths:5 | Received a gift from Trog
 55301 | Depths:5 | Found a magical portal.
 55304 | WizLab   | Entered The Hall of the Hellbinder
 55420 | WizLab   | Found a burning altar of Makhleb.
 56123 | Depths:5 | Found a gate to the Realm of Zot.
 56764 | Vaults:5 | Entered Level 5 of the Vaults
 56795 | Vaults:4 | Received a gift from Trog
 57008 | Vaults:5 | Reached XP level 25. HP: 257/257 MP: 7/23
 57022 | Vaults:5 | Noticed an ancient lich
 57034 | Vaults:5 | Killed an ancient lich
 57161 | Vaults:5 | Found Soimm's Magic Scroll Emporium.
 57226 | Vaults:5 | Found Emizik's Food Emporium.
 57226 | Vaults:5 | Found Quryez's Distillery.
 57354 | Vaults:5 | Received a gift from Trog
 57472 | Vaults:5 | Noticed an ancient lich
 57494 | Vaults:5 | Killed an ancient lich
 57734 | Vaults:5 | Got a slimy quick blade {antimagic}
 57736 | Vaults:5 | Identified the +7 quick blade of Daex Mai {antimagic, rElec rC+++ Dex-4 SInv} (You took it off a deep elf death mage on level 5 of the Vaults)
 57774 | Vaults:5 | Received a gift from Trog
 58218 | Vaults:5 | Got a silver rune of Zot
 58270 | Vaults:5 | Received a gift from Trog
 59115 | Zot:1    | Entered Level 1 of the Realm of Zot
 59266 | Zot:1    | Reached XP level 26. HP: 266/266 MP: 7/23
 59384 | Zot:1    | Received a gift from Trog
 59397 | Zot:1    | Identified a scroll of acquirement
 59989 | Zot:1    | Noticed an orb of fire
 60106 | Zot:1    | Noticed an ancient lich
 60112 | Zot:1    | Killed an ancient lich
 60135 | Zot:1    | Killed an orb of fire
 60212 | Zot:1    | Found a stormy altar of Qazlal.
 60490 | Zot:2    | Received a gift from Trog
 61407 | Zot:2    | Noticed an orb of fire
 61427 | Zot:2    | Killed an orb of fire
 62108 | Zot:3    | Reached XP level 27. HP: 273/273 MP: 7/23
 62227 | Zot:3    | Received a gift from Trog
 63823 | Zot:4    | Noticed an orb of fire
 63841 | Zot:4    | Killed an orb of fire
 63852 | Zot:4    | Received a gift from Trog
 63916 | Zot:4    | Noticed an ancient lich
 63938 | Zot:4    | Killed an ancient lich
 64645 | Zot:5    | Entered Level 5 of the Realm of Zot
 64876 | Zot:5    | Noticed an orb of fire
 64887 | Zot:5    | Killed an orb of fire
 64936 | Zot:5    | Got a serpentine brass ring
 64939 | Zot:5    | Identified the ring of the Seven Places {+Fly rPois rF+++ Dex-2 Stlth+} (You found it on level 5 of the Realm of Zot)
 65042 | Zot:5    | Reached skill level 27 in Armour
 65173 | Zot:5    | Noticed an orb of fire
 65181 | Zot:5    | Gained mutation: You are dopey. (Int -2) [an orb of fire]
 65182 | Zot:5    | Noticed an ancient lich
 65183 | Zot:5    | Noticed an ancient lich
 65195 | Zot:5    | Killed an orb of fire
 65211 | Zot:5    | Killed an ancient lich
 65216 | Zot:5    | Killed an ancient lich
 65221 | Zot:5    | Noticed an orb of fire
 65234 | Zot:5    | Killed an orb of fire
 65300 | Zot:5    | Noticed an orb of fire
 65302 | Zot:5    | Noticed an ancient lich
 65312 | Zot:5    | Killed an orb of fire
 65323 | Zot:5    | Reached skill level 27 in Dodging
 65324 | Zot:5    | Killed an ancient lich
 65355 | Zot:5    | Noticed an ancient lich
 65357 | Zot:5    | Noticed an ancient lich
 65380 | Zot:5    | Killed an ancient lich
 65385 | Zot:5    | Killed an ancient lich
 65667 | Zot:5    | Received a gift from Trog
 65677 | Zot:5    | Got the Orb of Zot
 65825 | Zot:1    | Noticed Tuemuev the pandemonium lord
 65869 | Zot:1    | Killed Tuemuev the pandemonium lord
 65869 | Zot:1    | Reached skill level 27 in Shields
 66353 | D:$      | Escaped with the Orb!

Skill      XL: |  1  2  3  4  5  6  7  8  9 10 11 12 13 14 15 16 17 18 19 20 21 22 23 24 25 26 27 |
---------------+----------------------------------------------------------------------------------+-----
Long Blades    | 4 5 6 7 8 10 12 13 14 15 16 17 | 17.0
Fighting       | 4 5 6 8 9 10 12 14 16 17 19 20 21 23 24 25 26 27 | 27.0
Dodging        | 3 4 5 6 7 8 9 10 11 12 13 14 15 16 17 18 19 20 21 22 24 27 | 27.0
Armour         | 3 4 5 6 7 8 10 11 12 13 14 15 16 17 18 19 20 21 22 23 25 27 | 27.0
Shields        | 1 2 4 6 7 9 10 11 13 14 15 16 17 18 19 20 21 23 25 27 | 27.0
Evocations     | 3 5 |  5.9

Action                   |  1- 3 |  4- 6 |  7- 9 | 10-12 | 13-15 | 16-18 | 19-21 | 22-24 | 25-27 || total
-------------------------+-------+-------+-------+-------+-------+-------+-------+-------+-------++-------
Melee: Falchion          |    84 |   129 |   345 |       |       |       |       |       |       ||   558
       Headbutt          |    11 |    28 |   101 |   223 |   508 |   528 |   702 |   867 |   846 ||  3814
       Long sword        |       |       |    76 |   688 |   682 |       |       |       |       ||  1446
       Scimitar          |       |       |     4 |       |       |       |     3 |       |       ||     7
       Short sword       |       |       |       |    11 |    10 |       |       |       |       ||    21
       Demon blade       |       |       |       |       |   731 |  1522 |  1852 |  2135 |  1945 ||  8185
Throw: Javelin           |       |       |     2 |       |       |       |       |       |       ||     2
Invok: Berserk           |     1 |     1 |     3 |     7 |    11 |     1 |     2 |     2 |     3 ||    31
       Trog's Hand       |       |     1 |       |     2 |     4 |     1 |       |     1 |       ||     9
       Brothers in Arms  |       |       |       |     2 |     9 |     5 |     2 |     3 |     9 ||    30
       Burn Spellbooks   |       |       |       |     1 |     3 |       |     7 |     3 |     3 ||    17
 Abil: Stop Flying       |       |       |       |       |       |       |     1 |       |       ||     1
Evoke: Wand              |       |       |       |     2 |       |     1 |       |     1 |    10 ||    14
  Use: Scroll            |       |     5 |     6 |     5 |    18 |    10 |     5 |     4 |    17 ||    70
       Potion            |       |       |       |       |       |     4 |     2 |     1 |     7 ||    14
 Stab: Distracted        |       |       |     1 |       |     1 |       |       |       |     2 ||     4
       Confused          |       |       |       |     1 |       |       |       |       |       ||     1
       Petrified         |       |       |       |       |       |     4 |       |       |     2 ||     6
       Petrifying        |       |       |       |       |       |     2 |       |       |       ||     2
  Eat: Chunk             |       |     9 |    14 |    25 |    49 |    41 |    35 |    37 |    36 ||   246
       Royal jelly       |       |       |       |     1 |       |     1 |       |       |       ||     2
       Pizza             |       |       |       |     1 |       |       |       |     1 |       ||     2
       Beef jerky        |       |       |       |       |     4 |       |       |     1 |     4 ||     9
Armor: Animal skin       |     1 |       |       |       |       |       |       |       |       ||     1
       Leather armour    |    11 |     1 |       |       |       |       |       |       |       ||    12
       Ring mail         |       |     2 |       |       |       |       |       |       |       ||     2
       Chain mail        |       |    45 |    68 |       |    99 |   256 |       |       |       ||   468
       Plate armour      |       |       |    91 |   174 |   251 |       |   237 |   340 |   288 ||  1381
       Gold dragon scale |       |       |       |       |       |       |       |       |    47 ||    47
Dodge: Dodged            |    49 |    52 |   160 |   182 |   446 |   443 |   447 |   665 |   539 ||  2983
Block: Buckler           |       |     9 |   119 |    31 |       |       |       |       |       ||   159
       Shield            |       |       |       |   281 |   733 |     3 |       |       |       ||  1017
       Reflection        |       |       |       |     4 |     1 |   155 |       |       |       ||   160
       Large shield      |       |       |       |       |       |  1665 |  1692 |  2121 |  1524 ||  7002
       Rpst.: Falchion   |     9 |     9 |    33 |       |       |       |       |       |       ||    51
       Long sword        |       |       |     7 |    42 |    43 |       |       |       |       ||    92
       Demon blade       |       |       |       |       |    49 |    72 |    88 |   107 |    70 ||   386
